 Dungeon Crawl Stone Soup version 0.29.1-13-g9f3cf754e1 (webtiles) character file.

Game seed: 17751125796930730536

105 cowcol the Chopper (level 4, 0/40 HPs)
             Began as a Minotaur Monk on Jan 31, 2023.
             Slain by Crazy Yiuf
             ... wielding a +3 quarterstaff of chaos
              (5 damage)
             ... on level 2 of the Dungeon.
             The game lasted 00:04:01 (1343 turns).

cowcol the Chopper (Minotaur Monk)                  Turns: 1343, Time: 00:04:02

Health: 0/40       AC:  9    Str: 17    XL:     4   Next: 54%
Magic:  3/3        EV:  8    Int:  7    God:
Gold:   83         SH:  0    Dex: 13    Spells: 3/3 levels left

rFire   . . .      SeeInvis .   a - +0 hand axe
rCold   . . .      Faith    .   (no shield)
rNeg    . . .      Spirit   .   h - +0 chain mail
rPois   .          Reflect  .   (helmet restricted)
rElec   .          Harm     .   (no cloak)
rCorr   .          Rampage  .   (no gloves)
Will    .....                   (no boots)
Stlth   ..........              (no amulet)
HPRegen 0.13/turn               (no ring)
MPRegen 0.08/turn               (no ring)

@: lethally poisoned (0 -> -14)
A: horns 2, retaliatory headbutt
a: no special abilities


You were on level 2 of the Dungeon.
You visited 1 branch of the dungeon, and saw 2 of its levels.

You collected 83 gold pieces.

Inventory:

Hand Weapons
 a - a +0 hand axe (weapon)
 d - a +0 short sword
 e - a +0 spear
 g - a +0 club
Missiles
 f - 7 stones (quivered)
Armour
 b - a +0 robe
 h - a +0 chain mail (worn)
Potions
 c - a potion of mutation {unknown}


   Skills:
 + Level 4.2 Fighting
 + Level 4.6 Axes
 * Level 2.9 Armour
 + Level 3.8 Dodging
 + Level 1.6 Stealth


You had 3 spell levels left.
You didn't know any spells.
Your spell library was empty.

Dungeon Overview and Level Annotations

Branches:
Dungeon (2/15)

Altars:
Elyvilon

Annotations:
D:2 Crazy Yiuf


Innate Abilities, Weirdness & Mutations

You have a pair of horns on your head.
You reflexively headbutt those who attack you in melee.


Message History

You now have 83 gold pieces (gained 8).
An endoplasm comes into view.
Found a stone staircase leading up.
The endoplasm quivers.
An endoplasm is nearby!
You hit the endoplasm.
The endoplasm is severely wounded.
The endoplasm hits you but does no damage.
You hit the endoplasm.
The endoplasm is almost dead.
The endoplasm hits you but does no damage.
You hit the endoplasm.
You kill the endoplasm!
Found a stone staircase leading down.
Found a sling.
There is a stone staircase leading down here.
Found a hammer.
Found a runed translucent door.
Crazy Yiuf shouts!
Crazy Yiuf grits, "Fire alas bag!"
You open the door. You hit Crazy Yiuf.
Crazy Yiuf is moderately wounded.
Crazy Yiuf hits you with a +3 quarterstaff of chaos!
You resist with significant effort.
You hit Crazy Yiuf.
Crazy Yiuf is moderately wounded.
Crazy Yiuf hits you with a +3 quarterstaff of chaos.
You are poisoned.
You hit Crazy Yiuf.
Crazy Yiuf is heavily wounded.
You feel very sick.
Crazy Yiuf hits you with a +3 quarterstaff of chaos!
* * * LOW HITPOINT WARNING * * *
You are more poisoned.
You hit Crazy Yiuf.
Crazy Yiuf is severely wounded.
* * * LOW HITPOINT WARNING * * *
You feel very sick.
Crazy Yiuf hits you with a +3 quarterstaff of chaos.
You die...

##### #)..#
#...# ...
#g# ######
♣@♣♣ #.....
♣♣.♣
#######.....
♣.♣♣
#...........
♣♣.♣
#...........
♣♣.♣♣
#.........##
♣♣PP.♣
#......<.##.
♣PP.P♣
#.......##..
#....#
#......##...
#....#
#...####..##


You could see Crazy Yiuf.

Vanquished Creatures
  A howler monkey (D:1)
  2 adders (D:2)
  2 worms
  3 dart slugs
  A ball python (D:1)
  5 bats
  4 endoplasms
  A giant cockroach (D:1)
  3 goblins (D:1)
  2 hobgoblins
  A quokka (D:1)
  3 frilled lizards (D:1)
  5 kobolds
  A rat (D:1)
34 creatures vanquished.

Vanquished Creatures (collateral kills)
  An endoplasm (D:2)
1 creature vanquished.

Grand Total: 35 creatures vanquished

Notes
Turn   | Place    | Note
-------+----------+-------------------------------------------
     0 | D:1      | cowcol the Minotaur Monk began the quest for the Orb.
     0 | D:1      | Reached XP level 1. HP: 19/19 MP: 0/0
   412 | D:1      | Reached XP level 2. HP: 27/27 MP: 1/1
   474 | D:1      | Reached skill level 1 in Armour
   779 | D:2      | Noticed a howler monkey
   816 | D:1      | Killed a howler monkey
   817 | D:1      | Reached XP level 3. HP: 33/33 MP: 2/2
   865 | D:1      | Reached XP level 4. HP: 32/40 MP: 3/3
  1117 | D:2      | Found a white marble altar of Elyvilon.
  1335 | D:2      | Found a runed translucent door.
  1336 | D:2      | Noticed Crazy Yiuf
  1343 | D:2      | Slain by Crazy Yiuf

Illustrated notes

Levels and vault maps discovered:
D:1:      minmay_arrival_loop, layout_basic, minmay_close_crescents
D:2:      minmay_alternating_diamond, layout_rooms,
          shapermc_ecumenical_altar_petra, basic_altar, uniq_crazy_yiuf_cottage

Skill      XL: |  1  2  3 |
---------------+----------+-----
Axes           | 4 |  4.6
Armour         | 1 2 |  2.9
Fighting       | 4 |  4.2
Dodging        | |  3.8
Stealth        | |  1.6

Action                   |  1- 3 |  4- 6 || total
-------------------------+-------+-------++-------
Melee: Hand axe          |    58 |    40 ||    98
       Headbutt          |    15 |     6 ||    21
  Use: Potion            |     2 |       ||     2
       Scroll            |       |     3 ||     3
Armor: Chain mail        |    46 |    26 ||    72
       Robe              |     1 |       ||     1
Dodge: Dodged            |    36 |    12 ||    48
